| TOP OF THE 1ST |
|
Houston Astros batting - Pitching for Oakland Athletics : RHP Mike Torres
|
|
Pitching: RHP Mike Torres
|
|
|
Batting: RHB Chang-wei Jiang
|
0-0: Ball 1-0: Called Strike 1-1: Swinging Strike 1-2: Foul Ball, location: 2F 1-2: Ball 2-2: Ball 3-2: Ground out 5-3 (Groundball, 56S, EV 84.4 MPH)
|
|
Batting: LHB Bob Myers
|
0-0: Called Strike 0-1: Foul Ball, location: 2F 0-2: Ball 1-2: Strikes out swinging
|
|
Batting: SHB Addick de Vries
|
0-0: Ball 1-0: Ground out 6-3 (Groundball, 6M, EV 105.0 MPH)
|
| Top of the 1st over - 0 runs, 0 hits, 0 errors, 0 left on base; Houston 0 - Oakland 0 |
| BOTTOM OF THE 1ST |
|
Oakland Athletics batting - Pitching for Houston Astros : RHP Jose Saenz
|
|
Pitching: RHP Jose Saenz
|
|
|
Batting: RHB Muneo Kawachi
|
0-0: Ball 1-0: Ball 2-0: Ball 3-0: Base on Balls
|
|
Batting: RHB Sébastien Piat
|
0-0: Ball 1-0: Ball 2-0: Ball 3-0: Base on Balls Muneo Kawachi to second
|
|
Batting: LHB Nate Dean
|
0-0: Ball 1-0: Called Strike 1-1: Foul Ball, location: 2F 1-2: Foul Ball, location: 2F 1-2: Strikes out swinging
|
|
Batting: SHB Bob Morales
|
0-0: Called Strike Muneo Kawachi steals 3rd base Sébastien Piat to second 0-1: Ball 1-1: Fly out, F5 (Popup, 5SF, EV 77.5 MPH)
|
|
Batting: LHB George Leary
|
0-0: Ball 1-0: Foul Ball, location: 2F 1-1: Foul Ball, location: 2F 1-2: Foul Ball, location: 2F 1-2: Strikes out swinging
|
| Bottom of the 1st over - 0 runs, 0 hits, 0 errors, 2 left on base; Houston 0 - Oakland 0 |
| TOP OF THE 2ND |
|
Houston Astros batting - Pitching for Oakland Athletics : RHP Mike Torres
|
|
Batting: LHB Ian Jarvis
|
0-0: Foul Ball, location: 2F 0-1: Called Strike 0-2: Strikes out swinging
|
|
Batting: RHB Trevor Mock
|
0-0: Ball 1-0: Ball 2-0: Swinging Strike 2-1: Foul Ball, location: 2F 2-2: Foul Ball, location: 2F 2-2: Ball 3-2: Strikes out swinging
|
|
Batting: LHB Tyler Babbitt
|
0-0: Ball 1-0: Ball 2-0: Ball 3-0: Ground out 2-3 (Groundball, 13S, EV 67.5 MPH)
|
| Top of the 2nd over - 0 runs, 0 hits, 0 errors, 0 left on base; Houston 0 - Oakland 0 |
| BOTTOM OF THE 2ND |
|
Oakland Athletics batting - Pitching for Houston Astros : RHP Jose Saenz
|
|
Batting: RHB Danny Miramontes
|
0-0: Called Strike 0-1: Called Strike 0-2: Ball 1-2: Ball 2-2: Ball 3-2: Base on Balls
|
|
Batting: SHB Robert Handy
|
0-0: Ball 1-0: Foul Ball, location: 2F 1-1: Foul Ball, location: 2F 1-2: Ball 2-2: 2-RUN HOME RUN (Flyball, 9D, EV 95.6 MPH), Distance : 391 ft
|
|
Batting: SHB Rich Muniz
|
0-0: Ball 1-0: Called Strike 1-1: Ground out 4-3 (Groundball, 34D, EV 91.9 MPH)
|
|
Batting: RHB Trevor Conklin
|
0-0: Foul Ball, location: 2F 0-1: Called Strike 0-2: Ball 1-2: Ball 2-2: Ball 3-2: Foul Ball, location: 2F 3-2: Fly out, F8 (Line Drive, 8RD, EV 98.8 MPH)
|
|
Batting: RHB Muneo Kawachi
|
0-0: Called Strike 0-1: Ball 1-1: DOUBLE (Line Drive, 89XD, EV 105.0 MPH)
|
|
Batting: RHB Sébastien Piat
|
0-0: Called Strike 0-1: Fly out, F9 (Flyball, 89D, EV 83.8 MPH)
|
| Bottom of the 2nd over - 2 runs, 2 hits, 0 errors, 1 left on base; Houston 0 - Oakland 2 |
| TOP OF THE 3RD |
|
Houston Astros batting - Pitching for Oakland Athletics : RHP Mike Torres
|
|
Batting: RHB Mark Barger
|
0-0: Foul Ball, location: 2F 0-1: Ball 1-1: Ball 2-1: Ball 3-1: Called Strike 3-2: Foul Ball, location: 2F 3-2: Foul Ball, location: 2F 3-2: Base on Balls
|
|
Batting: LHB Jim Keefe
|
0-0: Called Strike 0-1: Ball 1-1: Ball 2-1: Ball 3-1: Base on Balls Mark Barger to second
|
|
Batting: RHB Chris Fitzgerald
|
0-0: Ball 1-0: Ball 2-0: Ball 3-0: Base on Balls Mark Barger to third Jim Keefe to second
|
|
Batting: RHB Chang-wei Jiang
|
0-0: Foul Ball, location: 2F 0-1: Ball 1-1: Ball 2-1: Ball 3-1: Called Strike 3-2: Base on Balls Mark Barger scores Jim Keefe to third Chris Fitzgerald to second
|
|
Batting: LHB Bob Myers
|
0-0: Ball 1-0: Called Strike 1-1: Foul Ball, location: 2F 1-2: Fly out, F4 (Flyball, 34D, EV 96.9 MPH)
|
|
Batting: SHB Addick de Vries
|
0-0: Ball 1-0: Swinging Strike 1-1: Ball 2-1: Ball 3-1: Base on Balls Jim Keefe scores Chris Fitzgerald to third Chang-wei Jiang to second
|
|
Batting: LHB Ian Jarvis
|
0-0: Foul Ball, location: 2F 0-1: Foul Ball, location: 2F 0-2: Fielders Choice at 2nd, 3-6 (Groundball, 34, EV 83.1 MPH) Chris Fitzgerald scores Chang-wei Jiang to third
|
|
Batting: RHB Trevor Mock
|
0-0: Ball 1-0: Ball 2-0: Called Strike 2-1: Ball 3-1: Base on Balls Ian Jarvis to second
|
|
Batting: LHB Tyler Babbitt
|
0-0: Called Strike 0-1: Swinging Strike 0-2: Foul Ball, location: 2F 0-2: Ball 1-2: Ball 2-2: Ball 3-2: Foul Ball, location: 2F 3-2: Foul Ball, location: 2F 3-2: Base on Balls Chang-wei Jiang scores Ian Jarvis to third Trevor Mock to second
|
|
Batting: RHB Mark Barger
|
0-0: Ball 1-0: Fly out, F7 (Flyball, 78D, EV 95.0 MPH)
|
| Top of the 3rd over - 4 runs, 0 hits, 0 errors, 3 left on base; Houston 4 - Oakland 2 |
| BOTTOM OF THE 3RD |
|
Oakland Athletics batting - Pitching for Houston Astros : RHP Jose Saenz
|
|
Batting: LHB Nate Dean
|
0-0: Fly out, F8 (Flyball, 8LM, EV 95.6 MPH)
|
|
Batting: SHB Bob Morales
|
0-0: Called Strike 0-1: Called Strike 0-2: Foul Ball, location: 2F 0-2: Ball 1-2: SINGLE (Flyball, 56D, EV 83.1 MPH)
|
|
Batting: LHB George Leary
|
0-0: Ball 1-0: SINGLE (Groundball, 4M, EV 101.9 MPH) Bob Morales to second
|
|
Batting: RHB Danny Miramontes
|
0-0: Called Strike 0-1: Ball 1-1: Called Strike 1-2: Grounds into double play, 4-6-3 (Groundball, 4, EV 108.1 MPH)
|
| Bottom of the 3rd over - 0 runs, 2 hits, 0 errors, 1 left on base; Houston 4 - Oakland 2 |
| TOP OF THE 4TH |
|
Houston Astros batting - Pitching for Oakland Athletics : RHP Mike Torres
|
|
Batting: LHB Jim Keefe
|
0-0: Called Strike 0-1: Ball 1-1: Fly out, F7 (Flyball, 78S, EV 91.9 MPH)
|
|
Batting: RHB Chris Fitzgerald
|
0-0: Ball 1-0: Foul Ball, location: 2F 1-1: Foul Ball, location: 2F 1-2: SINGLE (Line Drive, 7S, EV 92.5 MPH)
|
|
Batting: RHB Chang-wei Jiang
|
0-0: Foul Ball, location: 2F 0-1: Called Strike 0-2: Strikes out swinging
|
|
Batting: LHB Bob Myers
|
0-0: Ball Chris Fitzgerald steals 2nd base 1-0: Ball 2-0: Called Strike 2-1: Ball 3-1: Base on Balls
|
|
Batting: SHB Addick de Vries
|
0-0: Ball 1-0: Called Strike 1-1: Ball 2-1: Fly out, F6 (Popup, 4MD, EV 43.1 MPH)
|
| Top of the 4th over - 0 runs, 1 hit, 0 errors, 2 left on base; Houston 4 - Oakland 2 |
| BOTTOM OF THE 4TH |
|
Oakland Athletics batting - Pitching for Houston Astros : RHP Jose Saenz
|
|
Batting: SHB Robert Handy
|
0-0: Ball 1-0: Fly out, F8 (Line Drive, 8RM, EV 90.6 MPH)
|
|
Batting: SHB Rich Muniz
|
0-0: Called Strike 0-1: Ball 1-1: Swinging Strike 1-2: Ball 2-2: Strikes out swinging
|
|
Batting: RHB Trevor Conklin
|
0-0: Ground out 3-1 (Groundball, 34S, EV 90.6 MPH)
|
| Bottom of the 4th over - 0 runs, 0 hits, 0 errors, 0 left on base; Houston 4 - Oakland 2 |
| TOP OF THE 5TH |
|
Houston Astros batting - Pitching for Oakland Athletics : RHP Mike Torres
|
|
Pitching: RHP John Owens
|
|
|
Batting: LHB Ian Jarvis
|
0-0: Foul Ball, location: 2F 0-1: Ground out U3 (Groundball, 34, EV 90.6 MPH)
|
|
Batting: RHB Trevor Mock
|
0-0: Swinging Strike 0-1: Ball 1-1: Ball 2-1: Ball 3-1: Reached on error, E6 (Groundball, 6, EV 89.4 MPH)
|
|
Batting: LHB Tyler Babbitt
|
0-0: Fly out, F5 (Popup, 56, EV 68.8 MPH)
|
|
Batting: RHB Mark Barger
|
0-0: Called Strike 0-1: Ball Passed Ball! Trevor Mock to third 1-1: Called Strike 1-2: Ball 2-2: Ball 3-2: Base on Balls
|
|
Batting: LHB Jim Keefe
|
0-0: Ball 1-0: Ball 2-0: Foul Ball, location: 2F 2-1: Foul Ball, location: 2F 2-2: Ball 3-2: Ground out 6-3 (Groundball, 6, EV 104.4 MPH)
|
| Top of the 5th over - 0 runs, 0 hits, 1 error, 2 left on base; Houston 4 - Oakland 2 |
| BOTTOM OF THE 5TH |
|
Oakland Athletics batting - Pitching for Houston Astros : RHP Jose Saenz
|
|
Pitching: LHP Jordan Ruiz
|
|
|
Batting: RHB Muneo Kawachi
|
0-0: Ball 1-0: Swinging Strike 1-1: Foul Ball, location: 2F 1-2: Fly out, F7 (Flyball, 7LM, EV 90.0 MPH)
|
|
Batting: RHB Sébastien Piat
|
0-0: Ball 1-0: Ball 2-0: Ball 3-0: Base on Balls
|
|
Batting: LHB Nate Dean
|
0-0: Ball 1-0: Ball 2-0: SINGLE (Groundball, 6M, EV 96.9 MPH) Sébastien Piat to second Runner from 2nd tries for 3rd, SAFE, throw by CF made to third
|
|
Batting: SHB Bob Morales
|
0-0: Ball 1-0: Called Strike 1-1: Called Strike 1-2: Strikes out swinging
|
|
Batting: LHB George Leary
|
0-0: Called Strike 0-1: Ball 1-1: Ball 2-1: 3-RUN HOME RUN (Flyball, 9LD, EV 95.6 MPH), Distance : 370 ft
|
|
Pitching: RHP Jose Guajardo
|
|
|
Batting: RHB Danny Miramontes
|
0-0: Ball 1-0: Called Strike 1-1: Swinging Strike 1-2: Foul Ball, location: 2F 1-2: Ball 2-2: Ball 3-2: Ground out 2-3 (Groundball, 15S, EV 75.0 MPH)
|
| Bottom of the 5th over - 3 runs, 2 hits, 0 errors, 0 left on base; Houston 4 - Oakland 5 |
| TOP OF THE 6TH |
|
Houston Astros batting - Pitching for Oakland Athletics : RHP John Owens
|
|
Batting: RHB Chris Fitzgerald
|
0-0: Foul Ball, location: 2F 0-1: Ball 1-1: Called Strike 1-2: Ball 2-2: Strikes out swinging
|
|
Batting: RHB Chang-wei Jiang
|
0-0: Ball 1-0: Ball 2-0: Fly out, F9 (Flyball, 9S, EV 88.8 MPH)
|
|
Pinch Hitting: RHB Antonio Aranda
|
0-0: Called Strike 0-1: Swinging Strike 0-2: Foul Ball, location: 2F 0-2: Ball 1-2: Strikes out swinging
|
| Top of the 6th over - 0 runs, 0 hits, 0 errors, 0 left on base; Houston 4 - Oakland 5 |
| BOTTOM OF THE 6TH |
|
Oakland Athletics batting - Pitching for Houston Astros : RHP Jose Guajardo
|
|
Now in LF: Antonio Aranda
|
|
|
Batting: SHB Robert Handy
|
0-0: Called Strike 0-1: Ball 1-1: Ball 2-1: Ball 3-1: Base on Balls
|
|
Batting: SHB Rich Muniz
|
0-0: Ball 1-0: Ball 2-0: Ball 3-0: Called Strike 3-1: Foul Ball, location: 2F 3-2: Strikes out swinging
|
|
Batting: RHB Trevor Conklin
|
0-0: Ball 1-0: Ball 2-0: Ball 3-0: Called Strike 3-1: Foul Ball, location: 2F 3-2: Strikes out swinging
|
|
Batting: RHB Muneo Kawachi
|
0-0: Fielders Choice at 2nd, 6-4 (Groundball, 6, EV 114.4 MPH)
|
| Bottom of the 6th over - 0 runs, 0 hits, 0 errors, 1 left on base; Houston 4 - Oakland 5 |
| TOP OF THE 7TH |
|
Houston Astros batting - Pitching for Oakland Athletics : RHP John Owens
|
|
Pitching: RHP Jake Gregor
|
|
|
Pinch Hitting: RHB Matt Thompson
|
0-0: Called Strike 0-1: Ball 1-1: Swinging Strike 1-2: Strikes out swinging
|
|
Batting: LHB Ian Jarvis
|
0-0: Ball 1-0: Ball 2-0: Ball 3-0: Called Strike 3-1: Base on Balls
|
|
Pinch Hitting: LHB Bryce Hill
|
0-0: Ball 1-0: Called Strike 1-1: Foul Ball, location: 2F 1-2: Ball 2-2: Ball 3-2: Foul Ball, location: 2F 3-2: Ground out 5-3 (Groundball, 56, EV 106.9 MPH) Ian Jarvis to second
|
|
Pinch Hitting: RHB Danny Dyer
|
0-0: Foul Ball, location: 2F 0-1: Swinging Strike 0-2: Ball 1-2: Foul Ball, location: 2F 1-2: 2-RUN HOME RUN (Flyball, 89XD, EV 102.5 MPH), Distance : 427 ft
|
|
Batting: RHB Mark Barger
|
0-0: Ball 1-0: Fly out, F9 (Flyball, 9LS, EV 83.8 MPH)
|
| Top of the 7th over - 2 runs, 1 hit, 0 errors, 0 left on base; Houston 6 - Oakland 5 |
| BOTTOM OF THE 7TH |
|
Oakland Athletics batting - Pitching for Houston Astros : RHP Jose Guajardo
|
|
Pitching: RHP Antonio Escobosa
|
|
|
Now at 2B: Matt Thompson
|
|
|
Now in CF: Joe Gardner
|
|
|
Now in RF: Bryce Hill
|
|
|
Pinch Hitting: RHB Jorge Bernal
|
0-0: Ball 1-0: Called Strike 1-1: Ground out 4-3 (Groundball, 4MD, EV 98.8 MPH)
|
|
Pinch Hitting: SHB Ryan Langlois
|
0-0: Ball 1-0: Foul Ball, location: 2F 1-1: Foul Ball, location: 2F 1-2: Strikes out swinging
|
|
Pinch Hitting: LHB Tony Vitela
|
0-0: Ball 1-0: Ball 2-0: Ball 3-0: Base on Balls
|
|
Batting: LHB George Leary
|
0-0: Called Strike 0-1: Ball 1-1: Ball 2-1: Foul Ball, location: 2F 2-2: SINGLE (Line Drive, 78S, EV 112.5 MPH) Tony Vitela to second Runner from 2nd tries for 3rd, SAFE, no throw by LF
|
|
Batting: RHB Danny Miramontes
|
0-0: Swinging Strike 0-1: Ball 1-1: Foul Ball, location: 2F 1-2: Foul Ball, location: 2F 1-2: Ball 2-2: Ball 3-2: DOUBLE (Flyball, 9LD, EV 101.3 MPH) Tony Vitela scores George Leary to third George Leary scores
|
|
Batting: SHB Robert Handy
|
0-0: Ball 1-0: Ball 2-0: Ball 3-0: Base on Balls
|
|
Pinch Hitting: RHB Danny Murillo
|
0-0: SINGLE (Line Drive, 3D, EV 95.6 MPH) Danny Miramontes to third Robert Handy to second Runner from 3rd tries for Home, SAFE, throw by RF to home
|
|
Pitching: RHP Seth Bowersox
|
|
|
Pinch Hitting: RHB Javier Garcia
|
0-0: Fielders Choice at 2nd, 6-4 (Groundball, 6, EV 88.8 MPH)
|
| Bottom of the 7th over - 3 runs, 3 hits, 0 errors, 2 left on base; Houston 6 - Oakland 8 |
| TOP OF THE 8TH |
|
Houston Astros batting - Pitching for Oakland Athletics : RHP Jake Gregor
|
|
Now at 1B: Justin McQuarter
|
|
|
Now at 2B: Jorge Bernal
|
|
|
Now at 3B: Javier Garcia
|
|
|
Now at SS: Ryan Langlois
|
|
|
Now in LF: Tommy King
|
|
|
Now in RF: Danny Murillo
|
|
|
Batting: RHB Josh Froyd
|
0-0: Ball 1-0: Ball 2-0: SINGLE (Flyball, 4D, EV 94.4 MPH)
|
|
Batting: RHB Chris Fitzgerald
|
0-0: Ball 1-0: Ball 2-0: Fly out, F7 (Flyball, 7, EV 86.3 MPH)
|
|
Batting: RHB Chang-wei Jiang
|
0-0: Ball 1-0: SINGLE (Groundball, 34, EV 103.1 MPH) Josh Froyd to second Runner from 2nd tries for 3rd, SAFE, throw by RF made at trailing runner, OUT! 9-6
|
|
Batting: RHB Antonio Aranda
|
0-0: Called Strike 0-1: Ball 1-1: Ball 2-1: Ball 3-1: Foul Ball, location: 2F 3-2: Strikes out swinging
|
| Top of the 8th over - 0 runs, 2 hits, 0 errors, 1 left on base; Houston 6 - Oakland 8 |
| BOTTOM OF THE 8TH |
|
Oakland Athletics batting - Pitching for Houston Astros : RHP Seth Bowersox
|
|
Batting: RHB Muneo Kawachi
|
0-0: Ball 1-0: Foul Ball, location: 2F 1-1: Ball 2-1: Foul Ball, location: 2F 2-2: Ball 3-2: Foul Ball, location: 2F 3-2: Base on Balls
|
|
Batting: RHB Jorge Bernal
|
0-0: SINGLE (Line Drive, 8RS, EV 93.8 MPH) Muneo Kawachi to second Muneo Kawachi to third
|
|
Batting: SHB Ryan Langlois
|
0-0: Called Strike 0-1: Swinging Strike 0-2: Strikes out swinging
|
|
Batting: LHB Tommy King
|
0-0: Ground out 5-3 (Groundball, 6, EV 94.4 MPH) Jorge Bernal to second
|
|
Batting: RHB Justin McQuarter
|
0-0: Ball 1-0: Ball 2-0: Ball 3-0: Base on Balls
|
|
Batting: RHB Danny Miramontes
|
0-0: Ground out 1-3 (Groundball, 13S, EV 66.9 MPH)
|
| Bottom of the 8th over - 0 runs, 1 hit, 0 errors, 3 left on base; Houston 6 - Oakland 8 |
| TOP OF THE 9TH |
|
Houston Astros batting - Pitching for Oakland Athletics : RHP Jake Gregor
|
|
Pitching: RHP Kyle Ehret
|
|
|
Batting: RHB Matt Thompson
|
0-0: Fly out, F9 (Flyball, 9LD, EV 91.3 MPH)
|
|
Batting: LHB Ian Jarvis
|
0-0: Ball 1-0: Ball 2-0: Called Strike 2-1: Ball 3-1: Base on Balls
|
|
Batting: LHB Bryce Hill
|
0-0: Ball 1-0: Ball 2-0: Fly out, F8 (Line Drive, 8LD, EV 99.4 MPH)
|
|
Batting: SHB Joe Gardner
|
0-0: Ball 1-0: Foul Ball, location: 2F 1-1: Called Strike 1-2: Strikes out swinging
|
| Top of the 9th over - 0 runs, 0 hits, 0 errors, 1 left on base; Houston 6 - Oakland 8 |
|